 Dungeon Crawl Stone Soup version 0.27.1-34-g3ba077fa99 (webtiles) character file.

Game seed: 7584773088607322876

24 alasdair19 the Shield-Bearer (level 2, 0/27 HPs)
             Began as a Minotaur Fighter on Jan 4, 2022.
             Slain by an orc (2 damage)
             ... on level 2 of the Dungeon.
             The game lasted 00:01:46 (532 turns).

alasdair19 the Shield-Bearer (Minotaur Fighter)      Turns: 532, Time: 00:01:47

Health: 0/27       AC:  7    Str: 20    XL:     2   Next: 79%
Magic:  1/1        EV:  7    Int:  5    God:
Gold:   9          SH:  9    Dex:  9    Spells: 1/1 levels left

rFire    . . .     SeeInvis .   e - +0 long sword
rCold    . . .     Faith    .   c - +0 kite shield
rNeg     + . .     Spirit   .   b - +0 scale mail
rPois    .         Reflect  .   (helmet restricted)
rElec    .         Harm     .   (no cloak)
rCorr    .         Rampage  .   (no gloves)
Will     .....                  (no boots)
Stlth    ..........             (no amulet)
HPRegen  0.09/turn              h - ring of positive energy
MPRegen  0.07/turn              (no ring)

@: mighty
A: horns 2, retaliatory headbutt
a: no special abilities


You were on level 2 of the Dungeon.
You visited 1 branch of the dungeon, and saw 2 of its levels.

You collected 9 gold pieces.

Inventory:

Hand Weapons
 e - a +0 long sword (weapon)
 q - a +0 hunting sling
Missiles
 g - 11 sling bullets
Armour
 b - a +0 scale mail (worn)
 c - a +0 kite shield (worn)
Jewellery
 h - a ring of positive energy (left hand)
Scrolls
 a - a scroll of identify {unknown}
Potions
 f - a potion of haste {unknown}


   Skills:
 + Level 4.0 Fighting
 + Level 2.4 Long Blades
 * Level 0.5 Slings
 + Level 4.0 Armour
 + Level 4.1 Shields


You had one spell level left.
You didn't know any spells.
Your spell library was empty.

Dungeon Overview and Level Annotations

Branches:
Dungeon (1/15)

Altars:


Innate Abilities, Weirdness & Mutations

You have a pair of horns on your head.
You reflexively headbutt those who attack you in melee.


Message History

You are frozen.
The endoplasm freezes you.
You are frozen.
The endoplasm closely misses you.
You riposte.
You barely miss the endoplasm.
The endoplasm hits you but does no damage.
You slash the endoplasm!
You kill the endoplasm!
The endoplasm completely misses you.
Your Fighting skill increases to level 4!
You slash the endoplasm!
You kill the endoplasm!
You barely miss the orc. Your headbutt misses the orc.
You block the orc's attack.
You slash the orc!
You kill the orc!
The orc barely misses you.
You closely miss the orc. You closely miss the orc.
Your headbutt misses the orc. The orc hits you but does no damage.
You block the orc's attack. x2
You closely miss the orc. Your headbutt misses the orc.
The orc hits you but does no damage. x2; You block the orc's attack.
You hit the orc. Your headbutt misses the orc.
The orc is severely wounded.
The orc hits you but does no damage. You block the orc's attack. x2
You closely miss the orc. Your headbutt misses the orc.
The orc is severely wounded.
The orc hits you with a +0 club. x2
* * * LOW HITPOINT WARNING * * *
The orc hits you with a +0 club.
* * * LOW HITPOINT WARNING * * *
You hit the orc. You headbutt the orc, but do no damage.
The orc is almost dead.
The orc hits you with a +0 club.
* * * LOW HITPOINT WARNING * * *
The orc hits you but does no damage. The orc hits you with a +0 club.
* * * LOW HITPOINT WARNING * * *
You slash the orc!
You kill the orc!
The orc hits you with a +0 club.
You die...

######
###o...###
##.o@.....#
#..###.....#
##.## ..#.#
#..# .# #..#
# # #.J# ..#
#..# ..#
##o## #.# #
#.o######..#
.#


You could see 2 orcs.

Vanquished Creatures
  3 orcs (D:2)
  4 endoplasms
  A giant cockroach (D:1)
  A goblin (D:1)
  2 hobgoblins (D:1)
  4 kobolds
  A ball python (D:2)
  3 bats
  A rat (D:1)
20 creatures vanquished.

Notes
Turn   | Place    | Note
-------+----------+-------------------------------------------
     0 | D:1      | alasdair19 the Minotaur Fighter began the quest for the
                  | Orb.
     0 | D:1      | Reached XP level 1. HP: 19/19 MP: 0/0
   275 | D:1      | Reached XP level 2. HP: 19/27 MP: 1/1
   488 | D:1      | You fall into a shaft and drop 1 floor!
   532 | D:2      | Slain by an orc

Illustrated notes

Levels and vault maps discovered:
D:1:      lightli_arrival_windingriver, layout_basic,
          dreamdust_ecumenical_altar_angels_and_demons, minmay_tromino_v4_c
D:2:      layout_rooms, minmay_randomly_rotated_circles, uniq_natasha,
          uniq_terence

Skill      XL: |  1  2 |
---------------+-------+-----
Armour         | 4 |  4.0
Shields        | 4 |  4.1
Fighting       | 4 |  4.0
Long Blades    | |  2.4
Slings         | |  0.5

Action                   || total
-------------------------++-------
Melee: Long sword        ||    33
       Headbutt          ||     6
 Fire: Hunting sling     ||     9
  Use: Potion            ||     1
Armor: Scale mail        ||    21
Dodge: Dodged            ||    15
Block: Kite shield       ||    30
       Rpst.: Long sword ||     3
